 Dungeon Sprint DCSS version 0.21.1-1-g345015f (webtiles) character file.

3600000 Fang the Axe Maniac (level 19, -14/207 HPs)
             Began as a Minotaur Gladiator on May 3, 2018.
             Was a High Priest of Makhleb.
             Demolished by a sculptor of flesh
             ... wielding a +9 great sword
              (204 damage)
             ... in the Dungeon (Sprint VIII: "Arena of Blood").
             The game lasted 00:00:36 (36 turns).

Fang the Axe Maniac (Minotaur Gladiator)              Turns: 36, Time: 00:00:36

Health: -14/207    AC:  6    Str: 26    XL:     19   Next: 96%
Magic:  17/38      EV: 29    Int:  5    God:    Makhleb [*****.]
Gold:   0          SH:  0    Dex: 13    Spells: 50/50 levels left

rFire    . . .     SeeInvis .   l - +∞ Axe of Woe
rCold    . . .     Gourm    .   (shield currently unavailable)
rNeg     . . .     Faith    .   b - +0 leather armour
rPois    .         Spirit   .   c - +0 hat
rElec    .         Reflect  .   (no cloak)
rCorr    .         Harm     .   (no gloves)
MR       +....     NoTele   +   (no boots)
Stlth    +++++++...             (no amulet)
HPRegen  0.44/turn              (no ring)
MPRegen  0.26/turn              (no ring)

@: no status effects
A: retaliatory headbutt, horns 2
a: Minor Destruction, Lesser Servant of Makhleb, Major Destruction, Greater
Servant of Makhleb, Renounce Religion


You were in the Dungeon.
You worshipped Makhleb.
Makhleb was extremely pleased with you.
You were not hungry.

You visited 1 branch

Inventory:

Hand Weapons
 a - a +0 war axe
 l - the +∞ Axe of Woe (weapon)
   (You found it in the Dungeon)
Missiles
 d - 3 throwing nets (quivered)
Armour
 b - a +0 leather armour (worn)
 c - a +0 hat (worn)
Scrolls
 k - a scroll of blinking
Potions
 e - a potion of curing
 g - a potion of heal wounds
 h - a potion of haste
 i - 2 potions of magic
 j - a potion of berserk rage
Comestibles
 f - a ration


   Skills:
 O Level 27 Fighting
 O Level 27 Axes
 O Level 27 Throwing
 O Level 27 Armour
 O Level 27 Dodging
 + Level 20.2 Stealth
 + Level 23.2 Unarmed Combat
 + Level 16.3 Spellcasting
 + Level 21.7 Invocations


You had 50 spell levels left.
You didn't know any spells.

Dungeon Overview and Level Annotations

Branches:
Dungeon (1/1)

Altars:
Makhleb

Annotations:
D The Servant


Innate Abilities, Weirdness & Mutations

You reflexively headbutt those who attack you in melee.
You have a pair of horns on your head.


Message History

The Servant is wielding a +9 glaive of flaming.
You hear a shout! x6
The destroyer blinks!
You hear a shout!
The sculptor of flesh appears out of thin air!
A sculptor of flesh comes into view. It is wielding a +9 great sword.
You hear a shout!
Some corpses begin to drag themselves along the ground!
Some corpses meld into an agglomeration of writhing flesh!
You hear a shout! x5
A large abomination and 3 crawling corpses come into view.
Items here: )) == a +9 war axe; a +30 ring of slaying; a +9 war axe; a +30 ring of slaying A meat berserker comes into view.
It is wielding a +9 battleaxe.
The meat berserker shouts!
You hear a shout! x4
The destroyer blinks!
You hear a shout!
The sculptor of flesh hits you with a +9 great sword!!!!!
Ouch! That really hurt!
You die...

O..............
.o.............
#O..V.@..§.....
.....V.......
....O.......
#.......# ..
#..Xz...#
...###x)@....###.
......§§###......
#....x§§§_......
......#§§...#...
......#_)<._#
......#))...#
#...z.x.._......
.O......###......
...###... ..###.


You could see The Servant, 2 destroyers, a sculptor of flesh, a large bag of
meat (inner flame), a large abomination, 3 meat berserkers, a bag of meat and 3
crawling corpses.

Vanquished Creatures
  4 ogres (D)
  A two-headed ogre (D)
  15 orcs (D)
20 creatures vanquished.

Notes
Turn   | Place    | Note
-------+----------+-------------------------------------------
     0 | D        | Found the +∞ Axe of Woe
     0 | D        | Fang the Minotaur Gladiator began the quest for the Orb.
     0 | D        | Reached XP level 1. HP: 18/18 MP: 0/0
     4 | D        | Became a worshipper of Makhleb the Destroyer
     7 | D        | Noticed a bag of meat
     8 | D        | Killed a bag of meat
     8 | D        | Reached XP level 2. HP: 40/40 MP: 1/1
     8 | D        | Reached XP level 3. HP: 47/47 MP: 2/2
     8 | D        | Reached XP level 4. HP: 55/55 MP: 3/3
     8 | D        | Reached XP level 5. HP: 61/61 MP: 4/4
     8 | D        | Reached XP level 6. HP: 68/68 MP: 5/5
     8 | D        | Reached XP level 7. HP: 74/74 MP: 6/6
     8 | D        | Reached XP level 8. HP: 82/82 MP: 7/7
     8 | D        | Reached XP level 9. HP: 89/89 MP: 8/8
     8 | D        | Reached XP level 10. HP: 96/96 MP: 9/9
     8 | D        | Reached XP level 11. HP: 103/103 MP: 10/10
     8 | D        | Noticed a bag of meat
     9 | D        | Noticed a meat berserker
    10 | D        | Killed a meat berserker
    10 | D        | Reached * piety under Makhleb
    10 | D        | Reached XP level 12. HP: 97/118 MP: 11/11
    10 | D        | Reached XP level 13. HP: 102/125 MP: 12/12
    12 | D        | Noticed a bag of meat
    12 | D        | Noticed a bag of meat
    13 | D        | Noticed a bag of meat
    13 | D        | Killed a bag of meat
    13 | D        | Reached skill level 15 in Fighting
    13 | D        | Reached skill level 27 in Axes
    13 | D        | Reached skill level 1 in Armour
    13 | D        | Reached XP level 14. HP: 79/135 MP: 13/13
    14 | D        | Noticed a bag of meat
    15 | D        | Killed a bag of meat
    16 | D        | Killed a bag of meat
    16 | D        | Reached ** piety under Makhleb
    16 | D        | Reached skill level 27 in Dodging
    16 | D        | Reached XP level 15. HP: 93/152 MP: 14/14
    20 | D        | Noticed a meat berserker
    22 | D        | Noticed a meat berserker
    22 | D        | Noticed a meat berserker
    24 | D        | Reached skill level 10 in Armour
    25 | D        | Killed a meat berserker
    25 | D        | Reached *** piety under Makhleb
    25 | D        | Reached skill level 27 in Fighting
    25 | D        | Reached XP level 16. HP: 110/183 MP: 15/15
    26 | D        | Killed a meat berserker
    26 | D        | Reached skill level 27 in Throwing
    26 | D        | Reached XP level 17. HP: 156/191 MP: 16/16
    27 | D        | Noticed a large bag of meat
    27 | D        | Killed a meat berserker
    27 | D        | Reached **** piety under Makhleb
    27 | D        | Reached skill level 27 in Armour
    29 | D        | Reached skill level 10 in Unarmed Combat
    29 | D        | Reached skill level 10 in Invocations
    29 | D        | Reached XP level 18. HP: 200/200 MP: 16/27
    31 | D        | Reached skill level 15 in Unarmed Combat
    31 | D        | Reached skill level 10 in Spellcasting
    32 | D        | Noticed a large bag of meat
    32 | D        | Noticed a destroyer
    33 | D        | Reached skill level 15 in Invocations
    33 | D        | Reached ***** piety under Makhleb
    33 | D        | Reached skill level 15 in Stealth
    33 | D        | Reached XP level 19. HP: 207/207 MP: 16/34
    34 | D        | Noticed a destroyer
    34 | D        | Killed a large bag of meat
    34 | D        | Reached skill level 15 in Spellcasting
    35 | D        | Noticed The Servant
    36 | D        | Noticed a meat berserker
    36 | D        | Demolished by a sculptor of flesh

Skill      XL: |  1  2  3  4  5  6  7  8  9 10 11 12 13 14 15 16 17 18 19 |
---------------+----------------------------------------------------------+-----
Fighting       | 11 14 15 19 27 | 27.0
Axes           | 20 25 27 | 27.0
Throwing       | 9 12 13 16 22 27 | 27.0
Dodging        | 19 23 24 27 | 27.0
Armour         | 1 6 14 22 27 | 27.0
Stealth        | 9 15 20 | 20.2
Unarmed Combat | 10 18 23 | 23.2
Spellcasting   | 7 12 16 | 16.3
Invocations    | 10 16 21 | 21.7

Action                   |  1- 3 |  4- 6 |  7- 9 | 10-12 | 13-15 | 16-18 | 19-21 || total
-------------------------+-------+-------+-------+-------+-------+-------+-------++-------
Melee: Executioner's axe |     1 |       |       |     1 |     6 |     5 |     1 ||    14
Dodge: Dodged            |       |       |       |       |       |     1 |       ||     1
